 Dungeon Crawl Stone Soup version 0.29.1-4-g47bece8355 (webtiles) character file.

Game seed: 12501415220634566791

2 zeram the Sneak (level 1, -2/14 HPs)
             Began as an Octopode Brigand on Dec 5, 2022.
             Slain by a goblin
             ... wielding a +0 dagger
              (4 damage)
             ... on level 1 of the Dungeon.
             The game lasted 00:00:05 (14 turns).

zeram the Sneak (Octopode Brigand)                    Turns: 14, Time: 00:00:06

Health: -2/14      AC:  1    Str: 10    XL:     1   Next: 40%
Magic:  1/1        EV: 12    Int: 13    God:
Gold:   0          SH:  0    Dex: 13    Spells: 0/0 levels left

rFire   . . .      SeeInvis .   a - +2 dagger
rCold   . . .      Faith    .   (no shield)
rNeg    . . .      Spirit   .   (helmet restricted)
rPois   .          Reflect  .   (no amulet)
rElec   .          Harm     .   (no ring)
rCorr   .          Rampage  .   (no ring)
Will    .....                   (no ring)
Stlth   ++++......              (no ring)
HPRegen 0.04/turn               (no ring)
MPRegen 0.07/turn               (no ring)
                                (no ring)
                                (no ring)

@: no status effects
A: almost no armour, amphibious, 8 rings, camouflage 1, gelatinous body 1,
(nimble swimmer 1), tentacles
a: no special abilities


You were on level 1 of the Dungeon.
You visited 1 branch of the dungeon, and saw 1 of its levels.

Inventory:

Hand Weapons
 a - a +2 dagger (weapon)
Missiles
 b - 9 poisoned darts (quivered)
 c - 3 curare-tipped darts


   Skills:
 + Level 2.0 Fighting
 + Level 2.0 Short Blades
 + Level 2.0 Throwing
 + Level 1.0 Dodging
 + Level 5.5 Stealth


You couldn't memorise any spells.
You didn't know any spells.
Your spell library was empty.

Dungeon Overview and Level Annotations

Branches:
Dungeon (1/15)

Altars:


Innate Abilities, Weirdness & Mutations

You cannot wear most types of armour.
You are amphibious.
You can wear up to eight rings at the same time.
Your skin changes colour to match your surroundings (Stealth+).
Your rubbery body absorbs attacks. (AC +1, EV +1)
((You are camouflaged when in or above water. (Stealth+)))
You have tentacles for arms and can constrict up to eight enemies at once.


Message History

Welcome, zeram the Octopode Brigand.
A smirking vizier told you that the Orb of Zot is just within this dungeon.
Press ? for a list of commands and other information.
Found a pair of boots.
Found two stairs.
A dart slug comes into view.
A dart slug is nearby!
A dart slug is nearby!
A dart slug is nearby!
A dart slug is nearby!
A dart slug is nearby!
A goblin comes into view. It is wielding a +0 dagger.
A gnoll comes into view. It is wielding a +0 whip.
Found 5 poisoned darts.
The dart slug closely misses you.
You hit the dart slug. You grab the dart slug.
The dart slug is heavily wounded.
You constrict the dart slug.
The goblin shouts!
The gnoll shouts!
A dart slug comes into view.
The dart slug bites you.
You hit the dart slug but do no damage.
The dart slug is severely wounded.
You constrict the dart slug. You hit the dart slug.
You kill the dart slug!
You hit the gnoll. You grab the gnoll.
The gnoll is lightly wounded.
You constrict the gnoll, but do no damage.
The gnoll hits you with a +0 whip. The dart slug launches a dart at you.
The slug dart hits you.
* * * LOW HITPOINT WARNING * * *
You release your grip on the gnoll.
The gnoll attacks as you move away! The gnoll barely misses you.
The goblin hits you with a +0 dagger.
You die...

#.P~~~~~~~~.....~≈~~~
#.~≈≈~~~~≈≈~...~≈≈~~~
#.~≈≈~~~~~~~...≈≈≈~~~
#.P~~~≈~≈~~P...P~~≈~~
#....................
########.##....>....##
..............#.#....
###...............#..
#.....@..........
#!...gg.........#
#...............
#.............
#.........w...
#.............
#.(...........
..............
##............


You could see a gnoll, a dart slug and a goblin.

Vanquished Creatures
  A dart slug (D:1)
1 creature vanquished.

Notes
Turn   | Place    | Note
-------+----------+-------------------------------------------
     0 | D:1      | zeram the Octopode Brigand began the quest for the Orb.
     0 | D:1      | Reached XP level 1. HP: 14/14 MP: 1/1
    14 | D:1      | Slain by a goblin

Illustrated notes

Levels and vault maps discovered:
D:1:      giann_bridges, layout_basic, minmay_misc_feat_doors

Action                   || total
-------------------------++-------
Melee: Dagger            ||     4
       Constrict         ||     2
Dodge: Dodged            ||     2
